 Dungeon Crawl Stone Soup version 0.32-a0-876-gcfddb08e57 (webtiles) character file.

Game seed: 5743279692019371088

326 funkygono the Firebug (level 6, -2/15 (32) HPs)
             Began as a Deep Elf Fire Elementalist on Apr 1, 2024.
             Was a Follower of Kikubaaqudgha.
             Slain by a gnoll bouda
             ... wielding a +0 whip
              (7 damage)
             ... on level 5 of the Dungeon.
             The game lasted 00:07:50 (4657 turns).

funkygono the Firebug (Deep Elf Fire Elementalist)  Turns: 4657, Time: 00:07:52

HP:   -2/15 (32)    AC:  4    Str:  5    XL:     6   Next: 24%
MP:   5/16          EV: 11    Int: 22    God:    Kikubaaqudgha [*.....]
Gold: 271           SH:  0    Dex: 15    Spells: 3/16 levels left

rFire   . . .        e - +0 dagger (venom)
rCold   . . .        (no shield)
rNeg    . . .        a - +0 robe
rPois   .            f - +0 helmet
rElec   .            (no cloak)
rCorr   .            (no gloves)
SInv    .            g - +0 pair of boots
Will    .....        i - amulet of faith
Stlth   ++           (no ring)
HPRegen 0.22/turn    (no ring)
MPRegen 0.15/turn

%: faith
@: weakened, extremely drained
A: no striking features
a: Renounce Religion, Unearth Wretches


You were on level 5 of the Dungeon.
You worshipped Kikubaaqudgha.
Kikubaaqudgha was aware of your devotion.
You visited 1 branch of the dungeon, and saw 5 of its levels.

You collected 271 gold pieces.

Inventory:

Hand Weapons
 e - a +0 dagger of venom (weapon)
Missiles
 h - a throwing net
Armour
 a - a +0 robe (worn)
 f - a +0 helmet (worn)
 g - a +0 pair of boots (worn)
Magical Staves
 b - a staff of air
Jewellery
 i - an amulet of faith (around neck)
Wands
 m - a wand of flame (11)
Scrolls
 c - 6 scrolls of identify
 d - a scroll of noise
 k - a scroll of fear {unknown}
 l - a scroll of teleportation
Potions
 j - a potion of magic


   Skills:
 + Level 2.6 Dodging
 + Level 3.1 Stealth
 + Level 5.7 Spellcasting
 + Level 2.2 Conjurations
 + Level 5.9 Fire Magic


You had 3 spell levels left.
You knew the following spells:

 Your Spells              Type           Power      Damage    Failure   Level
a - Foxfire               Conj/Fire      96%        2x1d8     1%          1
b - Scorch                Fire           64%        2d7       1%          2
c - Flame Wave            Conj/Fire      24%        2d8       19%         4
d - Fireball              Conj/Fire      12%        3d7       45%         5
e - Kiss of Death         Conj/Necr      44%        2d8       6%          1

Your spell library contained the following spells:

 Spells                   Type           Power      Damage    Failure   Level
 Inner Flame              Hex/Fire       19%        N/A       9%          3
 Volatile Blastmotes      Fire/Tloc      38%        2d13      9%          3
 Cigotuvi's Dreadful Rot  Necr/Alch/Air  12%        N/A       14%         2
 Sublimation of Blood     Necr           6%         N/A       14%         2
 Teleport Other           Tloc           6%         N/A       28%         3
 Animate Dead             Necr           6%         N/A       67%         4
 Cause Fear               Hex            3%         N/A       67%         4
 Passage of Golubria      Tloc           6%         N/A       67%         4
 Disjunction              Tloc           3%         N/A       100%        8
 Dragon's Call            Summ           3%         N/A       100%        9


Dungeon Overview and Level Annotations

Branches:
Dungeon (5/15)
 Temple: D:4-7

Altars:
Ashenzari
Fedhas
Kikubaaqudgha
Nemelex Xobeh
Ru
Sif Muna
Uskayaw
Yredelemnul

Shops:
D:3 [   D:4 =


Message History

Confirm with . or Enter, or press ? or * to list all spells.
Flames lash the gnoll bouda.
The gnoll bouda is moderately wounded.
The gnoll bouda's fire resistance burns away.
The foxfire hits the gnoll bouda.
The gnoll bouda is burned terribly!
The gnoll bouda is heavily wounded.
The foxfire hits the gnoll bouda but does no damage.
The gnoll bouda is heavily wounded.
Casting: Scorch (safe; 1% risk of failure)
Confirm with . or Enter, or press ? or * to list all spells.
You conjure some foxfire!
The gnoll bouda gazes fiercely through you!
You feel as though you will be weak longer.
Casting: Foxfire (safe; 1% risk of failure)
Confirm with . or Enter, or press ? or * to list all spells.
Flames lash the gnoll.
The gnoll is almost dead.
The gnoll's fire resistance burns away.
The foxfire hits the gnoll bouda.
The gnoll bouda is heavily wounded.
The foxfire hits the gnoll bouda but does no damage.
The gnoll bouda is heavily wounded.
The gnoll bouda hits you but does no damage.
Casting: Scorch (safe; 1% risk of failure)
Confirm with . or Enter, or press ? or * to list all spells.
Aiming: Kiss of Death (safe; 6% risk of failure)
Press: ? - help, Shift-Dir - straight line, f - gnoll bouda
Aim: a gnoll bouda, wielding a +0 whip and wearing a +0 leather armour (heavily wounded, more vulnerable to fire, 100% to hit)
The fragment of death hits the gnoll bouda but does no damage.
The gnoll bouda is drained!
The gnoll bouda is heavily wounded.
You feel drained.
The gnoll hits you from afar with a +0 spear.
Casting: Kiss of Death (safe; 6% risk of failure)
Confirm with . or Enter, or press ? or * to list all spells.
You conjure some foxfire!
The gnoll bouda is no longer more vulnerable to fire.
The gnoll hits you from afar with a +0 spear!
The gnoll bouda hits you with a +0 whip!
You die...
Kikubaaqudgha rasps: You have failed me!
Welcome... death!

#.# ..# #.# ... #.#
#.# #.# #.# #.# # #g#
#.# ... #g# #.#
.....##v###########.#
......g@v...........#
##...################
##


You could see a gnoll bouda (very drained, ally target) and 2 gnolls.

Vanquished Creatures
  A black bear (D:4)
  An iguana (D:4)
  Terence (D:2)
  4 adders
  6 gnolls
  2 dart slugs
  2 ribbon worms
  5 orcs (D:4)
  5 ball pythons
  9 endoplasms
  4 giant cockroaches
  7 goblins
  8 hobgoblins
  7 kobolds
  3 quokkas
  7 bats
  7 frilled lizards
  5 rats
84 creatures vanquished.

Vanquished Creatures (collateral kills)
  A foxfire (D:2)
1 creature vanquished.

Vanquished Creatures (others)
  212 foxfires
212 creatures vanquished.

Grand Total: 297 creatures vanquished

Notes
Turn   | Place    | Note
-------+----------+-------------------------------------------
     0 | D:1      | funkygono the Deep Elf Fire Elementalist began the quest
                  | for the Orb.
     0 | D:1      | Reached XP level 1. HP: 10/10 MP: 6/6
   160 | D:1      | Reached XP level 2. HP: 15/15 MP: 5/8
   163 | D:1      | Learned a level 2 spell: Scorch
   726 | D:1      | Reached XP level 3. HP: 14/19 MP: 3/10
  1311 | D:2      | Noticed Terence
  1325 | D:2      | Killed Terence
  1326 | D:2      | Reached XP level 4. HP: 12/24 MP: 5/11
  1529 | D:2      | Found a faded altar of an unknown god.
  2144 | D:3      | Found a sparkling altar of Nemelex Xobeh.
  2221 | D:3      | Found a basalt altar of Yredelemnul.
  2223 | D:3      | Found a shimmering blue altar of Sif Muna.
  2225 | D:3      | Found a blossoming altar of Fedhas.
  2225 | D:3      | Found an ancient bone altar of Kikubaaqudgha.
  2227 | D:3      | Found a sacrificial altar of Ru.
  2228 | D:3      | Found a broken altar of Ashenzari.
  2248 | D:3      | Became a worshipper of Kikubaaqudgha
  2339 | D:3      | Found Eteesar's Armour Shop.
  2358 | D:3      | Reached skill level 5 in Fire Magic
  3020 | D:3      | Got the Grimoire of Nonlocality
  3109 | D:3      | Reached XP level 5. HP: 26/28 MP: 3/13
  3222 | D:3      | Identified the +11 sling of Kaicattaph {heavy, *Corrode rF-
                  | Str+4}
  3333 | D:4      | Found a hide-covered altar of Uskayaw.
  3361 | D:4      | Found Sinkyw Imye's Jewellery Shop.
  3722 | D:4      | Noticed a black bear
  3732 | D:4      | Killed a black bear
  3927 | D:4      | Reached skill level 5 in Spellcasting
  3933 | D:4      | Reached XP level 6. HP: 32/32 MP: 11/15
  3935 | D:4      | Reached * piety under Kikubaaqudgha
  3935 | D:4      | Received a gift from Kikubaaqudgha
  3949 | D:4      | Learned a level 4 spell: Flame Wave
  3955 | D:4      | Learned a level 5 spell: Fireball
  3957 | D:4      | Learned a level 1 spell: Kiss of Death
  4573 | D:5      | Entered Level 5 of the Dungeon
  4657 | D:5      | Slain by a gnoll bouda

Illustrated notes

Levels and vault maps discovered:
D:1:      dpeg_arrival_windows_large_door, layout_basic
D:2:      layout_loops_cross, ebering_ecumenical_altar_mist, serial_forest,
          infiniplex_forest_straight_4, infiniplex_forest_corner_2,
          infiniplex_forest_clump_small, infiniplex_forest_clump_cross,
          infiniplex_forest_lined_ring, uniq_terence
D:3:      layout_loops_ring, nemelex_xobeh_ov_fountains_minmay,
          grunt_temple_overflow_open, serial_shops, nicolae_shop_hallway_stairs,
          minmay_pentangle
D:4:      layout_basic, mainiacjoe_overflow_chevrons, serial_shops, shop,
          reono_crystal_passage
D:5:      layout_loops_ring, uniq_blork_the_orc, uniq_pikel

Skill      XL: |  1  2  3  4  5 |
---------------+----------------+-----
Fire Magic     | 4 5 |  5.9
Stealth        | 3 |  3.1
Spellcasting   | 4 5 |  5.7
Conjurations   | 2 |  2.2
Dodging        | |  2.6

Action                     |  1- 3 |  4- 6 || total
---------------------------+-------+-------++-------
  Melee: Dagger            |     5 |     4 ||     9
   Cast: Foxfire           |    48 |    74 ||   122
         Scorch            |    13 |    23 ||    36
         Kiss of Death     |       |     4 ||     4
    Use: Scroll            |     2 |     5 ||     7
         Potion            |     1 |       ||     1
 Armour: Robe              |     7 |    21 ||    28
  Dodge: Dodged            |     4 |     7 ||    11

Table legend: (Time is in decaauts)
 A = Elapsed time spent in this place.
 B = Non-inter-level travel time spent in this place.
 C = Inter-level travel time spent in this place.
 D = Time resting spent in this place.
 E = Time spent auto-exploring this place.
 F = Levels seen in this place.
 G = Mean time per level.
                   A        B        C        D        E       F      G
               +--------+--------+--------+--------+--------+-----+--------+
         Total |   4655 |   4561 |     94 |    106 |   3922 |   5 |  931.0 |
       Dungeon |   4655 |   4561 |     94 |    106 |   3922 |   5 |  931.0 |
               +--------+--------+--------+--------+--------+-----+--------+

Top non-repeatable levels by time:
     D:4: 1289 daAuts
     D:3: 1191 daAuts
     D:2: 1088 daAuts
     D:1: 1001 daAuts
     D:5: 83 daAuts
